Map: Port Aleksander LE

Players

Scarlett

  • Race: Zerg Zerg
  • Spawn Location: 11:00

Bunny - Winner!

  • Race: Terran Terran
  • Spawn Location: 5:00

Event: IEM Season 13: Katowice (2019)

VOD

Have the link to the VOD?

Description

Time

  • Played on: March 1, 2019, 2:29 p.m.
  • Length: 12:57

All games in this series

Show
View Real Time Build Order
Export as new Build Order

Scarlett Zerg 

Build Orders: Hatch First, Muta Ling Bane 

Get SALT Encoding   

  12  0:00  Drone  
  13  0:12  Overlord  
  13  0:18  Drone  
  14  0:31  Drone x2  
  16  0:49  Hatchery  
  15  0:52  Drone  
  15  0:56  Drone  
  17  0:59  Drone  
  18  1:10  Extractor  
  17  1:15  Spawning Pool  
  16  1:18  Drone  
  16  1:21  Drone  
  18  1:28  Drone  
  19  1:41  Drone  
  20  1:49  Drone  
  21  2:01  Queen x2  
  21  2:02  Zergling x4  
  27  2:16  Hatchery  
  27  2:21  Overlord  
  26  2:25  Drone  
  26  2:27  Drone  
  27  2:40  Drone x3  
  27  2:41  Metabolic Boost  
  30  2:48  Overlord  
  30  2:49  Drone  
  31  2:55  Drone x2  
  33  3:00  Queen  
  35  3:11  Drone x4  
  39  3:15  Drone  
  39  3:16  Drone  
  41  3:20  Queen  
  41  3:23  Overlord  
  43  3:29  Queen  
  43  3:31  Drone  
  46  3:35  Zergling x2  
  46  3:36  Zergling x2  
  48  3:43  Queen, Zergling x2  
  48  3:46  Zergling x2  
  51  3:49  Drone  
  51  3:50  Drone x2  
  51  3:53  Overlord  
  54  3:58  Queen  
  54  4:00  Overlord  
  56  4:03  Drone  
  56  4:08  Overlord x2  
  57  4:16  Drone x4  
  59  4:20  Lair  
  59  4:21  Drone  
  60  4:26  Zergling x4  
  60  4:28  Drone x2  
  66  4:31  Drone x2  
  66  4:35  Drone x2  
  68  4:39  Drone x2  
  70  4:45  Baneling Nest  
  70  4:46  Drone x3  
  70  4:47  Spore Crawler  
  70  4:49  Spore Crawler  
  70  4:50  Extractor  
  69  4:53  Drone x3  
  69  4:58  Drone  
  73  5:04  Drone x5  
  78  5:07  Drone  
  78  5:10  Zergling x4  
  78  5:12  Extractor x2  
  79  5:15  Overlord  
  79  5:17  Spore Crawler  
  79  5:19  Overseer  
  79  5:20  Zergling x6  
  81  5:30  Centrifical Hooks  
  81  5:31  Drone  
  81  5:36  Evolution Chamber  
  81  5:37  Evolution Chamber  
  81  5:41  Drone x6  
  81  5:48  Drone x8  
  89  5:51  Drone  
  89  5:54  Extractor  
  89  5:55  Extractor  
  88  6:04  Zerg Ground Armor Level 1, Zerg Melee Weapons Level 1  
  87  6:06  Drone x3  
  87  6:07  Hatchery  
  87  6:08  Overlord  
  89  6:12  Hatchery  
  88  6:22  Spire  
  87  6:28  Drone  
  87  6:29  Drone  
  87  6:30  Zergling x18  
  98  6:35  Overlord  
  98  6:36  Overlord  
  97  6:44  Overlord x5  
  97  6:47  Baneling x6  
  97  6:55  Zergling x8  
  100  7:11  Zergling x24  
  108  7:19  Zergling x2  
  108  7:20  Zergling x4  
  106  7:23  Zergling x2  
  106  7:25  Zergling x4  
  106  7:26  Baneling x8  
  106  7:27  Queen  
  110  7:35  Mutalisk x8  
  125  7:51  Drone x11  
  132  7:57  Zerg Flyer Weapons Level 1  
  132  7:58  Mutalisk x2  
  131  8:04  Zergling x12  
  131  8:05  Infestation Pit  
  140  8:09  Zerg Ground Armor Level 2  
  140  8:11  Zergling x4  
  140  8:12  Extractor  
  141  8:14  Extractor  
  141  8:15  Overlord  
  141  8:16  Overlord  
  140  8:22  Zerg Melee Weapons Level 2  
  140  8:23  Zergling x6  
  143  8:27  Pneumatized Carapace  
  143  8:28  Overseer  
  143  8:30  Drone x2  
  143  8:31  Drone  
  146  8:35  Zergling x12  
  152  8:42  Hive  
  152  8:43  Mutalisk  
  152  8:44  Mutalisk  
  152  8:46  Zergling x6  
  152  8:47  Overseer  
  152  9:01  Mutalisk x2  
  150  9:14  Zergling x2  
  150  9:15  Zergling x34  
  168  9:22  Overlord x3  
  165  9:24  Overlord  
  165  9:25  Overlord  
  165  9:32  Hatchery  
  165  9:35  Mutalisk  
  165  9:36  Baneling x17  
  165  9:37  Baneling x2  
  166  9:51  Zerg Flyer Weapons Level 2  
  166  9:52  Zergling x4  
  167  9:53  Zergling x20  
  167  9:58  Ultralisk Cavern  
  176  10:05  Zergling x20  
  176  10:06  Baneling x2  
  181  10:07  Baneling  
  181  10:10  Baneling x7  
  180  10:14  Adrenal Glands  
  175  10:32  Drone x13  
  168  10:47  Zergling x12  
  173  10:52  Chitinous Plating  
  173  10:54  Zergling x4  
  154  11:04  Baneling x7  
  154  11:05  Baneling x9  
  154  11:08  Zergling x6  
  157  11:16  Zergling x16  
  154  11:22  Baneling  
  154  11:23  Baneling x14  
  114  11:47  Zergling x40  
  114  11:48  Zergling x8  
  114  11:51  Baneling x8  
  136  11:56  Zergling x10  
  136  12:00  Zergling x6  
  127  12:13  Zergling x18  
  106  12:25  Extractor  
  106  12:27  Hatchery  
  103  12:30  Baneling x7  
  103  12:35  Baneling x11  
  103  12:37  Overlord x2  
Show
View Real Time Build Order
Export as new Build Order

Bunny Terran - Winner!

Build Orders: Reaper Expand, Hellion Banshee 

Get SALT Encoding   

  12  0:00  SCV  
  13  0:12  SCV  
  14  0:17  Supply Depot  
  14  0:25  SCV  
  15  0:39  SCV  
  15  0:40  Barracks  
  16  0:44  Refinery  
  16  0:51  SCV  
  17  1:03  SCV  
  18  1:15  SCV  
  19  1:27  Orbital Command  
  19  1:28  Reaper  
  20  1:42  Command Center  
  20  1:53  SCV  
  20  1:54  Supply Depot  
  21  2:00  Marine  
  22  2:05  SCV  
  23  2:09  Factory  
  23  2:13  Refinery  
  23  2:17  SCV  
  23  2:22  Barracks Reactor  
  24  2:29  SCV  
  25  2:41  SCV  
  26  2:53  Orbital Command, SCV  
  26  2:56  Starport  
  27  3:04  Hellion x2  
  27  3:05  SCV  
  32  3:07  Barracks Tech Lab  
  32  3:17  SCV  
  32  3:19  Supply Depot, SCV  
  34  3:25  Hellion  
  34  3:26  Hellion  
  38  3:29  SCV  
  38  3:31  SCV  
  40  3:34  Marine  
  40  3:40  Viking  
  43  3:45  Supply Depot  
  43  3:47  Hellion x2  
  47  3:50  SCV x2  
  49  4:00  Barracks Tech Lab  
  49  4:03  SCV x2  
  51  4:10  Banshee  
  51  4:17  Command Center  
  54  4:19  Stimpack  
  54  4:21  SCV x2  
  55  4:33  Supply Depot, SCV x2  
  55  4:39  Barracks  
  55  4:41  Barracks  
  55  4:43  Factory Reactor  
  55  4:45  SCV x2  
  57  4:52  Marine  
  57  4:56  Engineering Bay  
  57  4:57  Engineering Bay  
  57  4:58  SCV x2  
  60  5:01  Refinery  
  60  5:04  Starport Reactor  
  60  5:06  Refinery  
  60  5:08  Supply Depot  
  60  5:10  Marine  
  60  5:11  SCV x2  
  63  5:22  Terran Infantry Weapons Level 1  
  63  5:23  SCV x2  
  63  5:24  Terran Infantry Armor Level 1  
  65  5:30  Marine x2  
  65  5:31  Marine  
  65  5:33  Orbital Command  
  65  5:35  SCV x2  
  66  5:45  Medivac x2  
  66  5:46  Siege Tank  
  66  5:47  Marine x2  
  66  5:48  Marine x2  
  71  5:52  Supply Depot  
  71  5:53  SCV x2  
  71  5:55  Marine  
  74  5:59  Orbital Command  
  74  6:05  Marine x2, SCV x2  
  74  6:06  Marine x2  
  80  6:12  Barracks  
  80  6:13  Marine  
  80  6:14  Barracks  
  80  6:17  SCV x2  
  83  6:18  Siege Tank  
  83  6:22  Marine  
  83  6:25  SCV  
  88  6:27  Medivac x2  
  88  6:28  Marine  
  88  6:29  Marine, SCV  
  88  6:30  SCV  
  96  6:33  Combat Shield  
  96  6:34  Marine  
  96  6:38  SCV  
  98  6:42  SCV x2  
  98  6:44  Armory  
  100  6:49  Supply Depot  
  100  6:50  SCV  
  100  6:51  Refinery  
  100  6:53  Supply Depot  
  101  7:02  Supply Depot x2  
  101  7:04  Command Center  
  101  7:09  Marine, SCV x2  
  101  7:11  Barracks Reactor x2  
  101  7:12  SCV  
  98  7:21  SCV x2  
  98  7:22  Marine x4  
  99  7:25  SCV  
  99  7:27  Marine  
  99  7:29  Factory, Supply Depot  
  101  7:34  Widow Mine, SCV x2  
  105  7:37  SCV  
  105  7:39  Medivac x2  
  109  7:44  Supply Depot  
  109  7:46  SCV x2  
  109  7:48  Marine x9  
  115  7:55  Supply Depot, Missile Turret  
  115  7:57  Widow Mine, Terran Infantry Armor Level 2  
  117  8:01  Terran Infantry Weapons Level 2  
  117  8:10  Missile Turret  
  117  8:14  Marine x7, Marauder  
  117  8:15  Sensor Tower  
  123  8:27  Factory Reactor  
  123  8:28  Thor  
  123  8:29  Marine  
  123  8:31  SCV x2  
  123  8:32  Marine x4, SCV, Missile Turret  
  137  8:36  Terran Vehicle And Ship Armor Level 1  
  137  8:39  Planetary Fortress  
  137  8:42  Medivac  
  137  8:43  Medivac  
  137  8:47  Marine x4, Marauder  
  147  8:50  Marine x2  
  144  9:06  Marine x6  
  144  9:07  Marine  
  144  9:08  Marine, Marauder  
  152  9:12  Widow Mine x2, Medivac  
  152  9:13  Barracks x2, Medivac  
  152  9:15  Widow Mine  
  154  9:26  Marine x8, Barracks  
  154  9:28  SCV  
  154  9:29  SCV x2  
  154  9:30  SCV, Marauder  
  168  9:34  Sensor Tower  
  168  9:36  Missile Turret  
  168  9:37  Widow Mine, Supply Depot  
  172  9:38  Widow Mine  
  172  9:45  Concussive Shells  
  172  9:55  Supply Depot  
  172  9:56  Supply Depot  
  172  9:58  Marine x7  
  172  9:59  Widow Mine x2, Marauder, Medivac  
  186  10:08  Barracks Tech Lab x2  
  186  10:09  Marine  
  187  10:16  Marine x2, Command Center  
  187  10:17  Widow Mine  
  187  10:19  Medivac  
  187  10:20  Widow Mine x2, Marauder  
  199  10:21  Barracks Tech Lab  
  193  10:29  Medivac  
  193  10:31  Marauder  
  193  10:32  Drilling Claws  
  181  10:36  Marine x4, Marauder  
  181  10:38  Marine x4  
  181  10:40  Widow Mine  
  181  10:42  Widow Mine x2, Marauder  
  197  10:45  Marine  
  194  10:52  Marauder  
  194  10:54  Marine x4, Refinery  
  194  10:55  Marine, Refinery  
  194  10:56  Marine x3, Missile Turret  
  200  11:16  Marauder  
  200  11:17  Marine, Marauder x2  
  198  11:38  Marine x6, Marauder x3  
  200  11:43  Widow Mine x3  
  200  11:45  Medivac  
  200  11:46  Medivac  
  171  11:48  Marine x2, Marauder  
  175  11:56  Marine x6  
  175  11:59  Marauder x2  
  175  12:00  Marauder  
  187  12:04  Widow Mine x3  
  187  12:06  Marine x2  
  188  12:09  Marine  
  188  12:13  Marine  
  188  12:14  Marine x5  
  173  12:15  Medivac  
  173  12:16  Medivac  
  173  12:20  Marine  
  173  12:21  Marauder x2  
  174  12:24  Marine x2  
  174  12:26  Widow Mine x2  
  174  12:27  Marauder  
  163  12:30  Widow Mine  
  163  12:31  Marine x3  
  163  12:32  Marine x3  
  171  12:38  Marine  
  186  12:54  Sensor Tower  

Tags
 
Add a new tag
Caveats
  • Supply blocks, unpowered buildings, or Contaminate may cause inaccurate times.
  • Supply counts are checked every 10 seconds.